 Dungeon Crawl Stone Soup version 0.31-a0-968-g24f9ace8b5 (webtiles) character file.

Game seed: 16474174505518970862

163 Dordric the Changeling (level 5, -1/33 HPs)
             Began as an Octopode Shapeshifter on Oct 28, 2023.
             Slain by an orc
             ... wielding a +1 vampiric dagger
              (4 damage)
             ... on level 4 of the Dungeon.
             The game lasted 00:02:01 (2231 turns).

Dordric the Changeling (Octopode Shapeshifter)      Turns: 2231, Time: 00:02:01

Health: -1/33      AC:  1    Str: 13    XL:     5   Next: 44%
Magic:  5/5        EV: 13    Int: 13    God:
Gold:   154        SH:  0    Dex: 13    Spells: 4/4 levels left

rFire   . .          .
                       - Unarmed
rCold   . . .        (no shield)
rNeg    . . .        (helmet currently unavailable)
rPois   .            (no amulet)
rElec   .            (no ring)
rCorr   .            (no ring)
SInv    .            (no ring)
Will    .....        (no ring)
Stlth   ++           (no ring)
HPRegen 0.25/turn    (no ring)
MPRegen 0.09/turn    (no ring)
                     (no ring)

%: no passive effects
@: lethally poisoned (-1 -> -9), beast-form
A: beast (slay +3), almost no armour, amphibious, 8 rings, camouflage 1,
gelatinous body 1, (nimble swimmer 1), tentacles
a: Begin Untransformation


You were on level 4 of the Dungeon.
You were a hulking beast.
You visited 1 branch of the dungeon, and saw 4 of its levels.

You collected 154 gold pieces.

Inventory:

Missiles
 o - 2 throwing nets
Jewellery
 l - a +4 ring of protection
Talismans
 b - a beast talisman
 c - a flux talisman
Wands
 h - a wand of polymorph (10)
 k - a wand of mindburst (10)
Scrolls
 d - 4 scrolls of identify {unknown}
 g - a scroll of enchant weapon {unknown}
Potions
 a - a potion of lignification
 e - 3 potions of curing {unknown}
 f - 2 potions of enlightenment {unknown}
 i - a potion of mutation {unknown}
 j - a potion of brilliance {unknown}
 m - a potion of heal wounds {unknown}
 n - a potion of cancellation {unknown}


   Skills:
 - Level 1.0 Fighting
 - Level 2.0 Dodging
 - Level 3.0 Unarmed Combat
 + Level 5.6 Shapeshifting


You had 4 spell levels left.
You didn't know any spells.
Your spell library was empty.

Dungeon Overview and Level Annotations

Branches:
Dungeon (4/15)
 Temple: D:4-7

Altars:
Sif Muna
Uskayaw

Shops:
D:2 [


Innate Abilities, Weirdness & Mutations

You are a hulking beast.
Your limbs bulge with bestial killing power. (Slay +3)
You cannot wear most types of armour.
You are amphibious.
You can wear up to eight rings at the same time.
Your skin changes colour to match your surroundings (Stealth+).
Your rubbery body absorbs attacks. (AC +1, EV +1)
((You are camouflaged when in or above water. (Stealth+)))
You have tentacles for arms and can constrict up to eight enemies at once.


Message History

You feel sick. The orc misses you. The orc priest closely misses you.
You have reached level 5!
You feel clever.
You tentacle-slap the orc priest but do no damage.
Your grab misses the orc priest. You squeeze the orc priest!
The orc priest is severely wounded.
You feel sick.
The orc priest hits you with a +2 whip of venom.
The orc hits you with a +0 club.
You are too injured to fight recklessly!
You are too injured to fight recklessly!
You are too injured to fight recklessly!
You are too injured to fight recklessly!
You are too injured to fight recklessly!
You are too injured to fight recklessly!
You are too injured to fight recklessly!
You are too injured to fight recklessly!
You are too injured to fight recklessly!
You are too injured to fight recklessly!
You are too injured to fight recklessly!
Unknown command.
You closely miss the orc priest. You grab the orc priest.
The orc priest is severely wounded.
You constrict the orc priest.
You feel sick. The orc hits you with a +0 club. The orc barely misses you.
The orc priest hits you with a +2 whip of venom.
* * * LOW HITPOINT WARNING * * *
You are lethally poisoned!
You tentacle-slap the orc priest.
The orc priest is almost dead.
You constrict the orc priest.
You kill the orc priest!
* * * LOW HITPOINT WARNING * * *
You feel very sick.
Unknown command.
You closely miss the orc. You grab the orc. You constrict the orc.
* * * LOW HITPOINT WARNING * * *
You feel sick.
The orc hits you with a +1 vampiric dagger.
You die...

#. ...... #. ...... #. #.#
...... #. #.#####.... #.
#.##...... ####. #.##....#
#.... #.##.)o.# ###.#).
..########.##.ho.# #...#..
...>....##.##....########.###).
#...........!.'.............
####.#####....##.......###.#
#.# #....##.......# #.# #.##
#....##.......# #.# #..##
#######.......###.# ##..##
#.......#.#.# ####..###
#.......#<#..


You could see 2 orcs.

Vanquished Creatures
  An orc priest (D:4)
  An iguana (D:4)
  An orc wizard (D:4)
  2 adders
  A worm (D:2)
  5 orcs
  3 ball pythons
  6 endoplasms
  A giant cockroach (D:1)
  4 goblins
  7 hobgoblins
  6 jackals
  7 kobolds
  2 quokkas
  2 bats
  6 rats
55 creatures vanquished.

Notes
Turn   | Place    | Note
-------+----------+-------------------------------------------
     0 | D:1      | Dordric the Octopode Shapeshifter began the quest for the
                  | Orb.
     0 | D:1      | Reached XP level 1. HP: 13/13 MP: 1/1
   212 | D:1      | Reached XP level 2. HP: 18/18 MP: 2/2
   687 | D:2      | Reached XP level 3. HP: 23/23 MP: 3/3
   741 | D:2      | Reached skill level 4 in Shapeshifting
   838 | D:2      | Found a faded altar of an unknown god.
   931 | D:2      | Found Bepyira's Armour Emporium.
  1411 | D:3      | Found a hide-covered altar of Uskayaw.
  1462 | D:3      | Reached XP level 4. HP: 16/28 MP: 4/4
  1667 | D:3      | Found a shimmering blue altar of Sif Muna.
  2030 | D:4      | Reached skill level 5 in Shapeshifting
  2228 | D:4      | Reached XP level 5. HP: 20/33 MP: 5/5
  2231 | D:4      | Slain by an orc

Illustrated notes

Levels and vault maps discovered:
D:1:      dpeg_arrival_central, layout_basic
D:2:      layout_loops_ring, serial_shops, nicolae_shop_tiny_real_fake_doors,
          hellmonk_ecumenical_altar_pennies_from_heaven
D:3:      layout_rooms, mainiacjoe_overflow_concentric_impassable,
          mainiacjoe_overflow_six_doors_small, grunt_decor_arrowhead
D:4:      layout_basic, lemuel_doored_altar, hellmonk_ghost_happy_afterlife

Skill      XL: |  1  2  3  4 |
---------------+-------------+-----
Shapeshifting  | 4 5 |  5.6
Fighting       | |  1.0
Dodging        | |  2.0
Unarmed Combat | |  3.0

Action                     |  1- 3 |  4- 6 || total
---------------------------+-------+-------++-------
  Melee: Unarmed           |    67 |    31 ||    98
         Constrict         |    19 |    11 ||    30
         Tentacles         |    14 |    10 ||    24
         Punch             |     3 |       ||     3
   Stab: Sleeping          |     4 |     2 ||     6
         Distracted        |     2 |       ||     2
 Armour: Skin              |    18 |    16 ||    34
  Dodge: Dodged            |    38 |    16 ||    54

Table legend: (Time is in decaauts)
 A = Elapsed time spent in this place.
 B = Non-inter-level travel time spent in this place.
 C = Inter-level travel time spent in this place.
 D = Time resting spent in this place.
 E = Time spent auto-exploring this place.
 F = Levels seen in this place.
 G = Mean time per level.
                   A        B        C        D        E       F      G
               +--------+--------+--------+--------+--------+-----+--------+
         Total |   2224 |   2156 |     68 |      0 |   1832 |   4 |  556.0 |
       Dungeon |   2224 |   2156 |     68 |      0 |   1832 |   4 |  556.0 |
               +--------+--------+--------+--------+--------+-----+--------+

Top non-repeatable levels by time:
     D:2: 725 daAuts
     D:1: 680 daAuts
     D:4: 423 daAuts
     D:3: 394 daAuts
